Map: [ESL] Gresvan

Players

Cow (PiG) - Winner!

  • Race: Terran Terran
  • League: Grandmaster
  • Spawn Location: 5:00

MOOK

  • Race: Terran Terran
  • Spawn Location: 11:00

VOD

https://www.youtube.com/playlist?list=PLOrKQEirgvjBrkg_LERyoNc_WYX2C2tgI

Description

Time

  • Played on: July 11, 2023, 8:20 p.m.
  • Length: 10:15
Show
View Real Time Build Order
Export as new Build Order

Cow Terran - Winner!

Build Orders:  

Get SALT Encoding   

  12  0:01  SCV  
  13  0:13  SCV  
  14  0:17  Supply Depot  
  14  0:25  SCV  
  15  0:39  SCV  
  15  0:40  Barracks  
  16  0:46  Refinery  
  16  0:53  SCV  
  17  1:05  SCV  
  18  1:17  SCV  
  19  1:29  Orbital Command  
  19  1:31  Barracks Reactor  
  19  1:48  Command Center  
  19  1:56  SCV  
  20  2:04  Supply Depot  
  20  2:11  SCV  
  20  2:12  Marine x2  
  23  2:25  Factory, SCV  
  24  2:30  Marine x2  
  24  2:34  Refinery  
  26  2:37  SCV  
  27  2:48  Marine x2  
  27  2:49  SCV  
  30  3:01  Orbital Command  
  30  3:02  SCV  
  31  3:05  Marine  
  31  3:06  Marine  
  33  3:14  SCV  
  33  3:17  Starport  
  34  3:21  Factory Tech Lab  
  34  3:23  Marine x2  
  34  3:26  SCV  
  38  3:27  SCV  
  38  3:38  SCV  
  38  3:39  Siege Tank, SCV  
  43  3:41  Marine x2  
  43  3:46  Supply Depot  
  43  3:47  Supply Depot  
  45  3:50  SCV  
  46  3:56  SCV  
  46  4:07  SCV  
  47  4:10  Bunker  
  47  4:13  SCV  
  47  4:14  Marine x2  
  50  4:18  Siege Tank  
  50  4:19  SCV  
  54  4:25  Starport Reactor, SCV  
  55  4:32  Marine x2, SCV  
  55  4:37  SCV  
  59  4:40  Supply Depot  
  59  4:42  Supply Depot  
  59  4:47  SCV  
  59  4:49  SCV  
  59  4:50  Marine  
  62  5:01  Marine  
  62  5:02  Siege Tank, SCV x2  
  68  5:08  Marine  
  68  5:14  SCV  
  70  5:15  Supply Depot  
  70  5:17  Supply Depot  
  70  5:29  Barracks x2  
  70  5:32  Barracks  
  70  5:33  Barracks  
  70  5:34  Engineering Bay  
  70  5:35  Refinery  
  70  5:36  Refinery, SCV x2  
  70  5:40  Marine x2  
  70  5:41  Siege Tank  
  77  5:43  Medivac  
  77  5:47  Medivac  
  77  5:48  SCV  
  82  5:51  Supply Depot  
  82  5:52  Supply Depot  
  82  5:58  Marine  
  83  6:13  Terran Infantry Weapons Level 1  
  83  6:15  Supply Depot  
  83  6:16  Supply Depot  
  83  6:22  Barracks Tech Lab x2  
  83  6:23  Barracks Reactor x2  
  83  6:30  Marine  
  83  6:31  Marine  
  85  6:33  Siege Tank  
  85  6:34  Medivac x2  
  85  6:39  Supply Depot  
  92  6:41  Supply Depot  
  92  6:48  Marine  
  92  6:49  Marine x3  
  92  6:51  Stimpack  
  92  6:52  Combat Shield  
  96  7:02  Supply Depot  
  96  7:03  Supply Depot  
  96  7:06  Marine  
  96  7:07  Marine x3  
  98  7:20  Marine x4  
  98  7:21  Siege Tank  
  105  7:24  Marine x3  
  105  7:25  Marauder  
  105  7:28  Supply Depot  
  109  7:43  Marauder  
  108  7:50  Supply Depot  
  108  7:54  Siege Tank  
  108  7:55  Supply Depot  
  111  8:05  Marauder x2, Marine x6  
  116  8:07  Medivac  
  116  8:10  Concussive Shells  
  123  8:13  Supply Depot  
  123  8:23  Marine x6  
  123  8:26  Marine, Siege Tank, Marauder  
  135  8:41  Marine x6  
  137  8:42  Supply Depot  
  137  8:44  Marauder, Supply Depot  
  137  8:47  Marauder  
  145  8:58  Marine  
  145  8:59  Marine x5  
Show
View Real Time Build Order
Export as new Build Order

MOOK Terran 

Build Orders:  

Get SALT Encoding   

  12  0:00  SCV  
  13  0:17  Supply Depot  
  13  0:20  SCV  
  14  0:33  SCV  
  15  0:44  Barracks  
  15  0:45  SCV  
  15  0:46  Refinery  
  16  0:58  SCV  
  17  1:12  SCV  
  18  1:31  Orbital Command  
  18  1:39  Barracks Reactor  
  18  1:41  Command Center  
  18  1:59  Supply Depot  
  18  2:06  SCV  
  19  2:16  Barracks  
  19  2:18  SCV  
  19  2:20  Barracks  
  20  2:22  Marine  
  20  2:26  Marine  
  22  2:37  SCV  
  23  2:44  Refinery  
  23  2:47  Marine x2  
  23  2:50  SCV  
  26  2:57  Orbital Command  
  26  3:02  SCV  
  27  3:12  Barracks Tech Lab x2  
  27  3:14  SCV  
  28  3:26  SCV, Supply Depot  
  29  3:27  Supply Depot  
  29  3:29  Factory  
  29  3:37  Combat Shield  
  29  3:38  SCV  
  29  3:39  Stimpack  
  30  3:46  Marine x2  
  32  3:49  Marine  
  32  3:50  SCV  
  32  3:51  Marine  
  32  3:54  SCV  
  36  4:02  SCV  
  37  4:06  SCV  
  37  4:08  Marine  
  37  4:09  Marine  
  40  4:10  Marine  
  40  4:11  Marauder  
  40  4:14  SCV  
  40  4:16  Factory Reactor  
  44  4:19  Starport  
  44  4:24  Supply Depot  
  44  4:25  Supply Depot  
  44  4:29  SCV x2  
  46  4:36  Marine x2  
  46  4:38  Marine  
  48  4:41  Marauder, SCV x2  
  53  4:51  Supply Depot  
  53  4:52  Supply Depot  
  53  4:56  Engineering Bay  
  53  4:58  Marine x2  
  53  4:59  Marine  
  56  5:03  Marauder  
  58  5:12  Factory Tech Lab  
  58  5:17  Medivac x2  
  58  5:21  SCV x2  
  64  5:25  Refinery  
  64  5:28  Marine x2  
  64  5:29  Marine, Marauder  
  64  5:33  Siege Tank, SCV  
  73  5:40  Supply Depot x2  
  73  5:46  Marine  
  74  5:59  SCV x2  
  76  6:05  Concussive Shells  
  76  6:11  SCV x2  
  78  6:20  Supply Depot  
  78  6:21  Supply Depot  
  78  6:29  Command Center  
  78  6:30  Terran Infantry Weapons Level 1  
  78  6:34  SCV  
  78  6:35  SCV  
  80  6:55  Marine  
  80  6:56  Marine x3  
  80  7:00  Medivac, Siege Tank  
  89  7:13  Marine x2  
  89  7:14  Marauder x2  
  93  7:31  Marine x2  
  93  7:32  Siege Tank  
  93  7:36  Marauder  
  72  7:55  Barracks  
  72  8:01  Barracks  
  72  8:02  Barracks  
  72  8:08  SCV x2  
  74  8:17  Orbital Command  
  74  8:20  SCV x2  
  74  8:21  Marauder x2, Marine x2  
  82  8:29  Refinery  
  82  8:39  Marine x2  
  84  8:42  Marauder x2  
  88  8:52  Factory  
  88  8:56  Factory, Marine  
  88  8:57  Marine  
  88  8:58  Supply Depot x2  
  90  9:09  Marauder x2, Marine x3  
  93  9:13  Siege Tank  
  93  9:14  Medivac, Marine x2  
  100  9:27  Marine x2  
  100  9:28  Marine  
  100  9:30  Marauder x2  
  91  9:32  Marine x2  
Tags
 
Add a new tag
Caveats
  • Supply blocks, unpowered buildings, or Contaminate may cause inaccurate times.
  • Supply counts are checked every 10 seconds.